 Dungeon Crawl Stone Soup version 0.19.5 (webtiles) character file.

179 McKennaii the Firebug (level 5, -2/28 HPs)
             Began as a Deep Elf Fire Elementalist on May 14, 2017.
             Slain by a gnoll
             ... wielding a +0 flail
              (9 damage)
             ... on level 3 of the Dungeon.
             The game lasted 00:06:23 (2268 turns).

McKennaii the Firebug (Deep Elf Fire Elementalist)  Turns: 2268, Time: 00:06:24

Health: -2/28      AC:  3    Str:  5    XL:     5   Next: 32%
Magic:  13/14      EV: 13    Int: 23    God:
Gold:   85         SH:  0    Dex: 15    Spells: 4 memorised, 2 levels left

rFire  . . .     SeeInvis .     (no weapon)
rCold  . . .     Gourm    .     a - +0 robe
rNeg   . . .     Faith    .     (no shield)
rPois  .         Spirit   .     l - +0 helmet
rElec  .         Reflect  .     (no cloak)
rCorr  .         Harm     .     (no gloves)
MR     .....                    (no boots)
Stlth  ++........               (no amulet)
                                (no ring)
                                g - +2 ring of intelligence

@: no status effects
A: no striking features
a: no special abilities


You were on level 3 of the Dungeon.
You were not hungry.

You visited 1 branch of the dungeon, and saw 4 of its levels.

You collected 85 gold pieces.

Inventory:

Armour
 a - a +0 robe (worn)
 l - a +0 helmet (worn)
Jewellery
 g - a +2 ring of intelligence (left hand)
Wands
 k - a wand of slowing (35/48)
Scrolls
 e - 3 scrolls of teleportation {unknown}
 f - 2 scrolls of identify {unknown}
 m - a scroll of random uselessness {unknown}
 n - a scroll of noise {unknown}
 o - 2 scrolls of immolation {unknown}
 p - a scroll of amnesia {unknown}
 u - a scroll of remove curse {unknown}
Potions
 d - a potion of brilliance {unknown}
 i - 2 potions of curing {unknown}
 q - a potion of agility {unknown}
 r - a potion of lignification {unknown}
 s - a potion of magic {unknown}
Books
 b - a book of Flames

   Spells                             Type                      Level
   a - Flame Tongue                   Conjuration/Fire             1
   b - Throw Flame                    Conjuration/Fire             2
   c - Conjure Flame                  Conjuration/Fire             3
   d - Inner Flame                    Hexes/Fire                   3
   e - Sticky Flame                   Conjuration/Fire             4
   f - Fireball                       Conjuration/Fire             5
Comestibles
 c - a bread ration
 h - a meat ration
 j - 2 royal jellies
 t - a chunk of flesh


   Skills:
 + Level 0.1 Fighting
 + Level 3.0 Dodging
 + Level 3.1 Stealth
 + Level 4.8 Spellcasting
 + Level 2.2 Conjurations
 + Level 4.8 Fire Magic


You had 2 spell levels left.
You knew the following spells:

 Your Spells              Type           Power        Failure   Level  Hunger
a - Flame Tongue          Conj/Fire      ###..        2%          1    None
b - Throw Flame           Conj/Fire      ###...       3%          2    None
c - Conjure Flame         Conj/Fire      ###.....     10%         3    ##.....
f - Fireball              Conj/Fire      ###.......   71%         5    #####..


Dungeon Overview and Level Annotations

Branches:
Dungeon (4/15)
 Temple: D:4-7

Altars:


Message History

You hear the hiss of flowing sand.
There is an entrance to an ossuary on this level.
Hurry and find it before the portal is buried!
You hear the slow hiss of a very distant avalanche of sand.
The gnoll barely misses you. The gnoll hits you with a spear.
The gnoll hits you with a flail! The gnoll barely misses you.
There is a stone staircase leading up, spattered with blood here.
The gnoll misses you. The gnoll barely misses you.
The gnoll hits you with a flail.
* * * LOW HITPOINT WARNING * * *
You climb upwards.
There is a stone staircase leading down here.
Casting: Flame Tongue
Confirm with . or Enter, or press ? or * to list all spells.
Aiming: Flame Tongue
Press: ? - help, Shift-Dir - straight line, f - gnoll
Aim: a gnoll, wielding a flail The flame tongue hits the gnoll.
The gnoll is lightly wounded.
The gnoll completely misses you. The gnoll hits you with a flail!
You die...

######### #.......#
#.....#.# #.#.....#
#.#.#...# #g#.###.#
#g#.#...# #@#.#.###
#g#.#.# #.#.#.#
#.#.#.# #.#.#.#
#.#.#.# ######
#######'#.#.# #....#
#........)#.#####.##.#
#.........#....)..##.#


You could see 3 gnolls.

Vanquished Creatures
  Jessica (D:2)
  Robin (D:2)
  6 gnolls (D:3)
  An adder (D:2)
  2 oozes
  3 worms
  A dart slug (D:1)
  A leopard gecko (D:3)
  An orc (D:3)
  9 goblins
  4 hobgoblins
  6 jackals
  2 quokkas (D:3)
  A ball python (D:3)
  4 bats
  8 frilled lizards
  7 kobolds
  4 rats
62 creatures vanquished.

Notes
Turn   | Place    | Note
-------+----------+-------------------------------------------
     0 | D:1      | McKennaii the Deep Elf Fire Elementalist began the quest for the Orb.
     0 | D:1      | Reached XP level 1. HP: 10/10 MP: 6/6
   401 | D:1      | Reached XP level 2. HP: 15/15 MP: 5/8
   843 | D:2      | Noticed Jessica
   844 | D:2      | Killed Jessica
   844 | D:2      | Reached XP level 3. HP: 19/19 MP: 7/10
   851 | D:2      | Learned a level 2 spell: Throw Flame
   855 | D:2      | Learned a level 3 spell: Conjure Flame
  1237 | D:2      | Reached XP level 4. HP: 16/24 MP: 2/12
  1373 | D:2      | Noticed Robin
  1388 | D:2      | Killed Robin
  1898 | D:3      | Reached XP level 5. HP: 23/28 MP: 5/13
  2004 | D:3      | Learned a level 5 spell: Fireball
  2268 | D:3      | Slain by a gnoll

Skill      XL: |  1  2  3  4  5 |
---------------+----------------+-----
Fire Magic     | 4 |  4.8
Spellcasting   | 4 |  4.8
Stealth        | 3 |  3.1
Conjurations   | 2 |  2.2
Dodging        | 3 |  3.0
Fighting       | |  0.1

Action                   |  1- 3 |  4- 6 || total
-------------------------+-------+-------++-------
Melee: Unarmed           |     4 |       ||     4
 Cast: Flame Tongue      |    57 |    55 ||   112
       Throw Flame       |       |    11 ||    11
  Eat: Chunk             |       |     4 ||     4
Armor: Robe              |     8 |     4 ||    12
Dodge: Dodged            |    17 |    21 ||    38
